3A
ALAMEDA AIRMEN @ MANCELONA TORCH
09/01/2030
 
TOP OF THE 1ST
Alameda Airmen batting - Pitching for Mancelona Torch : LHP Geoffroy Cadaloba
Pitching: LHP Geoffroy Cadaloba
Batting: RHB Domingo Torres 0-0: Swinging Strike
0-1: SINGLE (Line Drive, 7S)
Batting: RHB Bob Houghton 0-0: Ball
1-0: Ball
2-0: Ground out 4-3 (Groundball, 34)
Domingo Torres to second
Batting: RHB Cristián Coronado 0-0: Ball
1-0: Fly out, F9 (Flyball, 9LM)
Batting: RHB Joaquín Lara 0-0: Called Strike
0-1: Ball
1-1: 2-RUN HOME RUN (Flyball, 7LD), Distance : 361 ft
Batting: LHB Rodrigo Rodríguez 0-0: Ball
1-0: Foul Ball, location: 2F
1-1: Foul Ball, location: 2F
1-2: Foul Ball, location: 2F
1-2: Foul Ball, location: 2F
1-2: Ball
2-2: Ball
3-2: Fly out, F7 (Flyball, 7LM)
Top of the 1st over - 2 runs, 2 hits, 0 errors, 0 left on base; Alameda 2 - Mancelona 0
BOTTOM OF THE 1ST
Mancelona Torch batting - Pitching for Alameda Airmen : LHP José Vélez
Pitching: LHP José Vélez
Batting: RHB Alohanani Koora 0-0: Ball
1-0: Called Strike
1-1: Ball
2-1: Called Strike
2-2: Foul Ball, location: 2F
2-2: DOUBLE (Flyball, 9D)
Batting: RHB Daniel McCoy 0-0: Called Strike
0-1: Foul Ball, location: 2F
0-2: Ball
1-2: Ball
2-2: Strikes out looking
Batting: LHB Shunso Kiyomizu 0-0: Foul Ball, location: 2F
0-1: Swinging Strike
0-2: Ball
1-2: Foul Ball, location: 2F
1-2: Foul Ball, location: 2F
1-2: Fly out, F9 (Flyball, 9)
Batting: RHB Vilhelm Loyen 0-0: Called Strike
0-1: Foul Ball, location: 2F
0-2: 2-RUN HOME RUN (Flyball, 7LD), Distance : 366 ft
Batting: RHB Emílio Agramónte 0-0: Called Strike
0-1: Ball
1-1: Ground out 5-3 (Groundball, 56S)
Bottom of the 1st over - 2 runs, 2 hits, 0 errors, 0 left on base; Alameda 2 - Mancelona 2
TOP OF THE 2ND
Alameda Airmen batting - Pitching for Mancelona Torch : LHP Geoffroy Cadaloba
Batting: RHB Mick Spargo 0-0: Bunted foul
0-1: Fly out, F6 (Flyball, 56D)
Batting: RHB Nicholas Seal 0-0: Called Strike
0-1: Ball
1-1: Foul Ball, location: 2F
1-2: Ball
2-2: SINGLE (Line Drive, 6MD)
Batting: RHB Gang Jing 0-0: Ball
1-0: Ball
2-0: Swinging Strike
2-1: SINGLE (Groundball, 34D)
Nicholas Seal to second
Runner from 2nd tries for 3rd, SAFE, no throw
Batting: LHB Jesús De Jesús 0-0: Ball
1-0: SINGLE (Groundball, 25) (infield hit)
Nicholas Seal scores
Gang Jing to second
Batting: RHB Domingo Torres 0-0: Foul Ball, location: 2F
0-1: Foul Ball, location: 2F
0-2: Strikes out looking
Batting: RHB Bob Houghton 0-0: Ball
1-0: Foul Ball, location: 2F
1-1: Called Strike
1-2: Ball
2-2: Fielders Choice at 2nd, 6-4 (Groundball, 56)
Top of the 2nd over - 1 run, 3 hits, 0 errors, 2 left on base; Alameda 3 - Mancelona 2
BOTTOM OF THE 2ND
Mancelona Torch batting - Pitching for Alameda Airmen : LHP José Vélez
Batting: LHB Badry Maksimenov 0-0: Called Strike
0-1: Foul Ball, location: 2F
0-2: Ball
1-2: Strikes out swinging
Batting: RHB Raúl Cicerón 0-0: Ground out 6-3 (Groundball, 6)
Batting: RHB José Reyes 0-0: Called Strike
0-1: Foul Ball, location: 2F
0-2: Strikes out swinging
Bottom of the 2nd over - 0 runs, 0 hits, 0 errors, 0 left on base; Alameda 3 - Mancelona 2
TOP OF THE 3RD
Alameda Airmen batting - Pitching for Mancelona Torch : LHP Geoffroy Cadaloba
Batting: RHB Cristián Coronado 0-0: Ball
1-0: Called Strike
1-1: Ball
2-1: Foul Ball, location: 2F
2-2: Ground out 5-3 (Groundball, 56)
Batting: RHB Joaquín Lara 0-0: Called Strike
0-1: Ball
1-1: DOUBLE (Flyball, 89D)
Batting: LHB Rodrigo Rodríguez 0-0: Foul Ball, location: 2F
0-1: Ball
1-1: Swinging Strike
1-2: Strikes out looking
Batting: RHB Mick Spargo 0-0: Ground out 6-3 (Groundball, 6M)
Top of the 3rd over - 0 runs, 1 hit, 0 errors, 1 left on base; Alameda 3 - Mancelona 2
BOTTOM OF THE 3RD
Mancelona Torch batting - Pitching for Alameda Airmen : LHP José Vélez
Batting: RHB Ratko Ralevic 0-0: Ground out 1-3 (Groundball, 15S)
Batting: RHB Alohanani Koora 0-0: Called Strike
0-1: Ball
1-1: Foul Ball, location: 2F
1-2: Strikes out looking
Batting: RHB Daniel McCoy 0-0: Ball
1-0: DOUBLE (Groundball, 5L)
Batting: LHB Shunso Kiyomizu 0-0: SINGLE (Flyball, 89S)
Daniel McCoy to third
Batting: RHB Vilhelm Loyen 0-0: Swinging Strike
0-1: Foul Ball, location: 2F
0-2: Ball
1-2: Strikes out swinging
Bottom of the 3rd over - 0 runs, 2 hits, 0 errors, 2 left on base; Alameda 3 - Mancelona 2
TOP OF THE 4TH
Alameda Airmen batting - Pitching for Mancelona Torch : LHP Geoffroy Cadaloba
Batting: RHB Nicholas Seal 0-0: Ball
1-0: Called Strike
1-1: Ball
2-1: Swinging Strike
2-2: Ground out 5-3 (Groundball, 56)
Batting: RHB Gang Jing 0-0: Ball
1-0: Called Strike
1-1: Fly out, F8 (Flyball, 8LD)
Batting: LHB Jesús De Jesús 0-0: SINGLE (Groundball, 6D)
Batting: RHB Domingo Torres 0-0: Called Strike
0-1: Called Strike
0-2: SINGLE (Groundball, 5L) (infield hit)
Jesús De Jesús to second
Batting: RHB Bob Houghton 0-0: Ball
1-0: Fielders Choice at 2nd, 6-4 (Groundball, 6)
Top of the 4th over - 0 runs, 2 hits, 0 errors, 2 left on base; Alameda 3 - Mancelona 2
BOTTOM OF THE 4TH
Mancelona Torch batting - Pitching for Alameda Airmen : LHP José Vélez
Batting: RHB Emílio Agramónte 0-0: Swinging Strike
0-1: Ball
1-1: Called Strike
1-2: Foul Ball, location: 2F
1-2: Foul Ball, location: 2F
1-2: Ball
2-2: Ground out 6-3 (Groundball, 6)
Batting: LHB Badry Maksimenov 0-0: Ball
1-0: Ground out U3 (Groundball, 3)
Batting: RHB Raúl Cicerón 0-0: Called Strike
0-1: Ball
1-1: Fly out, F7 (Line Drive, 7LM)
Bottom of the 4th over - 0 runs, 0 hits, 0 errors, 0 left on base; Alameda 3 - Mancelona 2
TOP OF THE 5TH
Alameda Airmen batting - Pitching for Mancelona Torch : LHP Geoffroy Cadaloba
Batting: RHB Cristián Coronado 0-0: Called Strike
0-1: Ball
1-1: Foul Ball, location: 2F
1-2: Ball
2-2: SINGLE (Groundball, 4MD)
Batting: RHB Joaquín Lara 0-0: Ball
1-0: Foul Ball, location: 2F
1-1: Foul Ball, location: 2F
1-2: Ball
2-2: Grounds into double play, 5-4-3 (Groundball, 56)
Batting: LHB Rodrigo Rodríguez 0-0: Ball
1-0: Foul Ball, location: 2F
1-1: Ball
2-1: Foul Ball, location: 2F
2-2: Strikes out looking
Top of the 5th over - 0 runs, 1 hit, 0 errors, 0 left on base; Alameda 3 - Mancelona 2
BOTTOM OF THE 5TH
Mancelona Torch batting - Pitching for Alameda Airmen : LHP José Vélez
Batting: RHB José Reyes 0-0: Foul Ball, location: 2F
0-1: Fly out, F5 (Popup, 25F)
Batting: RHB Ratko Ralevic 0-0: Ball
1-0: Foul Ball, location: 2F
1-1: Swinging Strike
1-2: Foul Ball, location: 2F
1-2: Ball
2-2: Strikes out swinging
Batting: RHB Alohanani Koora 0-0: Ball
1-0: Called Strike
1-1: Called Strike
1-2: SINGLE (Line Drive, 6D)
Batting: RHB Daniel McCoy 0-0: Ball
1-0: Called Strike
1-1: Ball
2-1: Swinging Strike
2-2: Fly out, F9 (Flyball, 9)
Bottom of the 5th over - 0 runs, 1 hit, 0 errors, 1 left on base; Alameda 3 - Mancelona 2
TOP OF THE 6TH
Alameda Airmen batting - Pitching for Mancelona Torch : LHP Geoffroy Cadaloba
Batting: RHB Mick Spargo 0-0: Ball
1-0: Ball
2-0: Foul Ball, location: 2F
2-1: Ground out 1-3 (Groundball, 15)
Batting: RHB Nicholas Seal 0-0: Foul Ball, location: 2F
0-1: Fly out, F8 (Flyball, 8RS)
Batting: RHB Gang Jing 0-0: Called Strike
0-1: Ball
1-1: Ball
2-1: Ball
3-1: Base on Balls
Pitching: RHP John Byrd
Batting: LHB Jesús De Jesús 0-0: Called Strike
0-1: Ball
1-1: Foul Ball, location: 2F
1-2: Ball
2-2: Foul Ball, location: 2F
2-2: Foul Ball, location: 2F
2-2: Ball
Gang Jing is caught stealing 2nd base
Top of the 6th over - 0 runs, 0 hits, 0 errors, 0 left on base; Alameda 3 - Mancelona 2
BOTTOM OF THE 6TH
Mancelona Torch batting - Pitching for Alameda Airmen : LHP José Vélez
Batting: LHB Shunso Kiyomizu 0-0: Ball
1-0: Ball
2-0: Called Strike
2-1: Called Strike
2-2: Foul Ball, location: 2F
2-2: Ball
3-2: Foul Ball, location: 2F
3-2: Foul Ball, location: 2F
3-2: Fly out, F4 (Popup, 4)
Pitching: LHP Ernesto Tamayo
Batting: RHB Vilhelm Loyen 0-0: Ball
1-0: Ball
2-0: Foul Ball, location: 2F
2-1: Ball
3-1: Ground out 4-3 (Groundball, 34)
Batting: RHB Emílio Agramónte 0-0: Ball
1-0: Foul Ball, location: 2F
1-1: Ball
2-1: SINGLE (Flyball, 56D)
Batting: LHB Badry Maksimenov 0-0: Ball
1-0: Swinging Strike
1-1: Called Strike
1-2: Ball
2-2: Fly out, F4 (Popup, 4MS)
Bottom of the 6th over - 0 runs, 1 hit, 0 errors, 1 left on base; Alameda 3 - Mancelona 2
TOP OF THE 7TH
Alameda Airmen batting - Pitching for Mancelona Torch : RHP John Byrd
Batting: LHB Jesús De Jesús 0-0: Ball
1-0: Foul Ball, location: 2F
1-1: Ball
2-1: Swinging Strike
2-2: Strikes out looking
Batting: RHB Domingo Torres 0-0: Ball
1-0: Called Strike
1-1: Ball
2-1: SINGLE (Groundball, 6D)
Pinch Hitting: RHB Gérard Chesnutt 0-0: Ball
Domingo Torres steals 2nd base
1-0: Called Strike
1-1: Ball
2-1: Swinging Strike
2-2: Ground out 4-3 (Groundball, 4MD)
Domingo Torres to third
Batting: RHB Cristián Coronado 0-0: Called Strike
0-1: SINGLE (Line Drive, 34D)
Domingo Torres scores
Batting: RHB Joaquín Lara 0-0: Ball
Cristián Coronado is caught stealing 2nd base
Top of the 7th over - 1 run, 2 hits, 0 errors, 0 left on base; Alameda 4 - Mancelona 2
BOTTOM OF THE 7TH
Mancelona Torch batting - Pitching for Alameda Airmen : LHP Ernesto Tamayo
Now at 1B: Gérard Chesnutt
Batting: RHB Raúl Cicerón 0-0: Ball
1-0: Swinging Strike
1-1: Ground out 5-3 (Groundball, 5L)
Batting: RHB José Reyes 0-0: Swinging Strike
0-1: Foul Ball, location: 2F
0-2: Ball
1-2: Foul Ball, location: 2F
1-2: Strikes out looking
Batting: RHB Ratko Ralevic 0-0: Ball
1-0: Ball
2-0: Foul Ball, location: 2F
2-1: Ball
3-1: Called Strike
3-2: Strikes out swinging
Bottom of the 7th over - 0 runs, 0 hits, 0 errors, 0 left on base; Alameda 4 - Mancelona 2
TOP OF THE 8TH
Alameda Airmen batting - Pitching for Mancelona Torch : RHP John Byrd
Batting: RHB Joaquín Lara 0-0: Called Strike
0-1: Ground out U3 (Groundball, 3)
Batting: LHB Rodrigo Rodríguez 0-0: Ball
1-0: Ball
2-0: Ball
3-0: Base on Balls
Batting: RHB Mick Spargo 0-0: Ball
1-0: Called Strike
Rodrigo Rodríguez steals 2nd base
1-1: Intentional Walk
Batting: RHB Nicholas Seal 0-0: Ball
1-0: Foul Ball, location: 2F
1-1: Ball
2-1: Ball
3-1: Called Strike
3-2: Strikes out swinging
Batting: RHB Gang Jing 0-0: Ball
1-0: Called Strike
1-1: Foul Ball, location: 2F
1-2: Ground out 1-3 (Groundball, 15)
Top of the 8th over - 0 runs, 0 hits, 0 errors, 2 left on base; Alameda 4 - Mancelona 2
BOTTOM OF THE 8TH
Mancelona Torch batting - Pitching for Alameda Airmen : LHP Ernesto Tamayo
Batting: RHB Alohanani Koora 0-0: Ball
1-0: Ball
2-0: Foul Ball, location: 2F
2-1: Foul Ball, location: 2F
2-2: Ball
3-2: Base on Balls
Batting: RHB Daniel McCoy 0-0: Ball
1-0: Fly out, F4 (Flyball, 4D)
Batting: LHB Shunso Kiyomizu 0-0: Foul Ball, location: 2F
0-1: Ball
Wild Pitch!
Alohanani Koora to second
1-1: Ball
2-1: Ball
3-1: Base on Balls
Pinch Hitting: RHB Jeff Mouton 0-0: Called Strike
0-1: Ball
1-1: Called Strike
1-2: Ball
2-2: Foul Ball, location: 2F
2-2: Foul Ball, location: 2F
2-2: Ball
3-2: Foul Ball, location: 2F
3-2: Base on Balls
Alohanani Koora to third
Shunso Kiyomizu to second
Batting: RHB Emílio Agramónte 0-0: Ball
1-0: GRAND SLAM HOME RUN (Flyball, 7D), Distance : 375 ft
Pitching: RHP Héctor Navarro
Batting: LHB Badry Maksimenov 0-0: Ground out 3-1 (Groundball, 34S)
Batting: RHB Raúl Cicerón 0-0: Ball
1-0: Swinging Strike
1-1: Ball
2-1: Ball
3-1: Swinging Strike
3-2: Base on Balls
Batting: RHB José Reyes 0-0: Called Strike
0-1: Ball
1-1: Foul Ball, location: 2F
1-2: Ball
2-2: Foul Ball, location: 2F
2-2: Strikes out swinging
Bottom of the 8th over - 4 runs, 1 hit, 0 errors, 1 left on base; Alameda 4 - Mancelona 6
TOP OF THE 9TH
Alameda Airmen batting - Pitching for Mancelona Torch : RHP John Byrd
Now at 3B: José Santos
Batting: LHB Jesús De Jesús 0-0: Swinging Strike
0-1: Ball
1-1: Ball
2-1: Ball
3-1: Foul Ball, location: 2F
3-2: Base on Balls
Batting: RHB Domingo Torres 0-0: Ball
1-0: Called Strike
1-1: SINGLE (Line Drive, 6M)
Jesús De Jesús to second
Batting: RHB Gérard Chesnutt 0-0: Foul Ball, location: 2F
0-1: Ball
1-1: SINGLE (Groundball, 6MD)
Jesús De Jesús to third
Domingo Torres to second
Batting: RHB Cristián Coronado 0-0: Ball
1-0: Ball
Wild Pitch!
Jesús De Jesús scores
Domingo Torres to third
Gérard Chesnutt to second
2-0: Called Strike
2-1: Ball
3-1: Base on Balls
Batting: RHB Joaquín Lara 0-0: Ball
1-0: SINGLE (Groundball, 34)
Domingo Torres scores
Gérard Chesnutt to third
Cristián Coronado to second
Pitching: LHP Raúl Hinojosa
Batting: LHB Rodrigo Rodríguez 0-0: Called Strike
0-1: Grounds into fielders choice 3-2 (Groundball, 3)
Cristián Coronado to third
Joaquín Lara to second
Batting: RHB Mick Spargo 0-0: Called Strike
0-1: Foul Ball, location: 2F
0-2: SINGLE (Groundball, 6) (infield hit)
Cristián Coronado scores
Joaquín Lara to third
Rodrigo Rodríguez to second
Batting: RHB Nicholas Seal 0-0: Grounds into fielders choice 4-2 (Groundball, 4)
Rodrigo Rodríguez to third
Mick Spargo to second
Batting: RHB Gang Jing 0-0: Called Strike
0-1: Foul Ball, location: 2F
0-2: Strikes out swinging passed ball, reaches first!
Rodrigo Rodríguez scores
Mick Spargo to third
Nicholas Seal to second
Pinch Hitting: RHB Rafael Gómez 0-0: Ground out 5-3 (Groundball, 56S)
Top of the 9th over - 4 runs, 4 hits, 0 errors, 3 left on base; Alameda 8 - Mancelona 6
BOTTOM OF THE 9TH
Mancelona Torch batting - Pitching for Alameda Airmen : RHP Héctor Navarro
Pitching: RHP Pedro Rodríguez
Now at 3B: Rafael Gómez
Batting: RHB Ratko Ralevic 0-0: Foul Ball, location: 2F
0-1: Ball
1-1: Foul Ball, location: 2F
1-2: Strikes out swinging
Batting: RHB Alohanani Koora 0-0: Called Strike
0-1: Ground out 1-3 (Groundball, 15S)
Batting: RHB Daniel McCoy 0-0: Called Strike
0-1: Foul Ball, location: 2F
0-2: Foul Ball, location: 2F
0-2: Ball
1-2: Ball
2-2: Ball
3-2: Ground out U3 (Groundball, 3L)
Bottom of the 9th over - 0 runs, 0 hits, 0 errors, 0 left on base; Alameda 8 - Mancelona 6
Sunday, March 18th, 2018 - OOTP Baseball 18.8 Build 76